[Event "7th Altibox Norway Chess 2019"]
[Site "Stavanger"]
[Date "2019.06.10"]
[Round "6.5"]
[White "Grischuk, Alexander"]
[Black "Caruana, Fabiano"]
[Result "1/2-1/2"]
[ECO "B33"]
[WhiteElo "2775"]
[BlackElo "2819"]
[Annotator "ChessBase"]
[PlyCount "85"]
[EventDate "2019.06.04"]
[EventType "tourn"]
[EventCountry "NOR"]
[SourceTitle "playchess.com"]
[Source "ChessBase"]
[SourceQuality "1"]
[TimeControl "60/7200:0"]

1. e4 c5 2. Nf3 Nc6 3. d4 cxd4 4. Nxd4 Nf6 5. Nc3 e5 6. Ndb5 d6 7. Bg5 a6 8. Na3 b5 9. Nd5 Be7 10. Bxf6 Bxf6 11. c3 Rb8 12. Nc2 Bg5 13. a4 bxa4 14. Ncb4 Nxb4 15. Nxb4 Bd7 16. Bxa6 Qa5 17. Qxd6 Rb6 18. Qd3 Be6 19. O-O Be7 20. Bc4 Bxb4 21. Bxe6 Rxe6 22. cxb4 Qxb4 23. Qc2 O-O 24. Rxa4 Qb7 25. Qc3 Rb6 26. Qxe5 Rxb2 27. Rd4 h6 28. h4 Rb1 29. g4 Rxf1+ 30. Kxf1 Qc8 31. Qg3 Re8 32. Kg2 Qc6 33. Qd3 Qf6 34. h5 Qg5 35. Qf3 Qf6 36. Rd3 Qc6 37. Rd4 Qf6 38. Rb4 Qd6 39. Qb3 Qd7 40. Qg3 Qe7 41. Qb3 Qd7 42. Kf3 Qd6 43. Kg2 1/2-1/2